 Dungeon Crawl Stone Soup version 0.22.1-1-ga44c0e56f4 (webtiles) character file.

58 Ivernyr the Magician (level 4, 29/36 HPs)
             Began as a Naga Wizard on Oct 19, 2018.
             Quit the game on level 2 of the Dungeon.
             The game lasted 00:05:56 (1407 turns).

Ivernyr the Magician (Naga Wizard)                  Turns: 1407, Time: 00:05:57

Health: 29/36      AC:  2    Str:  9    XL:     4   Next: 2%
Magic:  5/9        EV: 10    Int: 19    God:
Gold:   43         SH:  0    Dex: 10    Spells: 7/10 levels left

rFire    . . .     SeeInvis +   (no weapon)
rCold    . . .     Gourm    .   (no shield)
rNeg     . . .     Faith    .   a - +0 robe
rPois    +         Spirit   .   (no helmet)
rElec    .         Reflect  .   (no cloak)
rCorr    .         Harm     .   (no gloves)
MR       .....                  (no barding)
Stlth    ++........             (no amulet)
HPRegen  0.12/turn              (no ring)
MPRegen  0.11/turn              (no ring)

@: short of breath, very slow
A: large, see invisible, deformed body, poison resistance, slowness 2, slow
metabolism 1, spit poison 1, AC +1
a: Spit Poison


You were on level 2 of the Dungeon.
You were not hungry.

You visited 1 branch of the dungeon, and saw 2 of its levels.

You collected 43 gold pieces.

Inventory:

Armour
 a - a +0 robe (worn)
Scrolls
 b - a scroll of noise {unknown}
 c - 3 scrolls of identify {unknown}
 e - a scroll of remove curse {unknown}
 g - a scroll of random uselessness {unknown}
 i - a scroll of teleportation {unknown}
Potions
 f - a potion of degeneration {unknown}
 h - a potion of mutation {unknown}
Comestibles
 d - 5 rations


   Skills:
 - Level 1.5 Dodging
 - Level 3.0 Stealth
 + Level 3.8 Spellcasting
 + Level 2.6 Conjurations
   Level 1.0 Summonings
 - Level 1.0 Translocations


You had 7 spell levels left.
You knew the following spells:

 Your Spells              Type           Power        Failure   Level  Hunger
a - Magic Dart            Conj           ##..         4%          1    None
b - Blink                 Tloc           N/A          14%         2    ##.....

Your spell library contained the following spells:

 Spells                   Type           Power        Failure   Level  Hunger
 Call Imp                 Summ           #.......     14%         2    ##.....
 Slow                     Hex            #.......     22%         2    ##.....
 Conjure Flame            Conj/Fire      #.......     24%         3    ###....
 Mephitic Cloud           Conj/Pois/Air  #.......     28%         3    ###....


Dungeon Overview and Level Annotations

Branches:
Dungeon (2/15)

Altars:
Kikubaaqudgha


Innate Abilities, Weirdness & Mutations

You cannot wear boots.
Your serpentine skin is tough. (AC +1)
You have supernaturally acute eyesight. (SInv)
Armour fits poorly on your strangely shaped body.
Your system is resistant to poisons. (rPois)
You cover ground very slowly.
You have a slow metabolism.
You can spit poison.


Message History

Aim: a gnoll, wielding a whip (severely wounded, poisoned)
The magic dart hits the gnoll.
The gnoll is severely wounded.
The gnoll shouts!
The gnoll barely misses you.
Casting: Magic Dart (safe; 4% risk of failure)
Confirm with . or Enter, or press ? or * to list all spells.
Aiming: Magic Dart (safe; 4% risk of failure)
Press: ? - help, Shift-Dir - straight line, f/p - gnoll
Aim: a gnoll, wielding a whip (almost dead, poisoned)
The magic dart hits the gnoll.
You kill the gnoll!
You have reached level 4!
You feel agile.
A frilled lizard comes into view.
No previous command to re-do.
No previous command to re-do.
No previous command to re-do.
No previous command to re-do.
Are you sure you want to abandon this character and quit the game? (Confirm

#.#.####<......#
.........#########
...#####.#.......#
...#####.#.#####.#######
...#......#.^..........#
...#..##.#..#####.####.#
P..#..##.....[.##.#
P.P......#..##.##.# #
...#..#.##......@)#####.##
...#.......†##.###g..g...#
.P##.......#.....#.#.##l##
..##.##.##.#.....#.#.#
.....##.##.#.....#.#†...#
..##....##.#..(..#.#..#gg...
####.#####.# ....#.#..# ....
#.# #.# ####..... ... #. .#
####.## ..


You could see 2 gnolls and a frilled lizard (wandering).

Vanquished Creatures
  2 gnolls (D:2)
  An adder (D:2)
  A worm (D:2)
  2 dart slugs (D:1)
  2 leopard geckos
  3 bats (D:1)
  A giant cockroach (D:1)
  2 hobgoblins (D:1)
  2 frilled lizards
  3 goblins (D:1)
  4 kobolds (D:1)
  2 rats (D:1)
25 creatures vanquished.

Notes
Turn   | Place    | Note
-------+----------+-------------------------------------------
     0 | D:1      | Ivernyr the Naga Wizard began the quest for the Orb.
     0 | D:1      | Reached XP level 1. HP: 15/15 MP: 4/4
   212 | D:1      | Reached XP level 2. HP: 22/22 MP: 4/6
   216 | D:1      | Learned a level 2 spell: Blink
   835 | D:1      | Reached XP level 3. HP: 28/28 MP: 3/7
  1072 | D:2      | Found an ancient bone altar of Kikubaaqudgha.
  1406 | D:2      | Reached XP level 4. HP: 29/36 MP: 4/9
  1407 | D:2      | Quit the game

Skill      XL: |  1  2 |
---------------+-------+-----
Conjurations   | 2 |  2.6
Dodging        | |  1.5
Stealth        | |  3.0
Spellcasting   | |  3.8
Summonings     | |  1.0
Translocations | |  1.0

Action                   |  1- 3 |  4- 6 || total
-------------------------+-------+-------++-------
Melee: Unarmed           |     9 |       ||     9
 Cast: Magic Dart        |    59 |     1 ||    60
 Abil: Spit Poison       |    12 |       ||    12
  Eat: Chunk             |     1 |       ||     1
Armor: Robe              |     3 |       ||     3
Dodge: Dodged            |    17 |       ||    17
